 Dungeon Crawl Stone Soup version 0.19.1-1-g22dce08 (webtiles) character file.

15344 LORDOFBUTT the Cleaver (level 12, 0/110 HPs)
             Began as a Minotaur Berserker on Dec 30, 2016.
             Was a High Priest of Trog.
             Slain by a fire elemental (4 damage)
             ... led by Azrael
             ... on level 12 of the Dungeon.
             The game lasted 00:16:23 (8715 turns).

LORDOFBUTT the Cleaver (Minotaur Berserker)         Turns: 8715, Time: 00:16:25

Health: 0/110      AC: 17    Str: 25 (26) XL:     12   Next: 0%
Magic:  9/9        EV: 17    Int:  3 (4)  God:    Trog [*****.]
Gold:   182        SH:  0    Dex: 12      Spells: 0 memorised, 11 levels left

rFire  . . .     SeeInvis .     T - +4 battleaxe (vamp)
rCold  + . .     Gourm    .     V - +1 chain mail {rC+}
rNeg   . . .     Faith    .     (shield currently unavailable)
rPois  .         Spirit   .     K - +0 hat
rElec  .         Reflect  .     (no cloak)
rCorr  .         Harm     .     Q - +2 pair of gloves
MR     .....     Clarity  +     I - +0 pair of boots {Fly}
Stlth  ..........               M - amulet of regeneration
                                R - +4 ring of evasion
                                g - +3 ring of strength

@: exhausted, flying, slowed, very slow
A: retaliatory headbutt, hooves 1, horns 2, icy blue scales 1, yellow scales 1,
blink, clarity, deformed body, deterioration 1, low mp 1, weak 1, wild magic 1
a: Blink, Berserk, Trog's Hand, Brothers in Arms, Burn Spellbooks, Renounce
Religion, Stop Flying


You were on level 12 of the Dungeon.
You worshipped Trog.
Trog was extremely pleased with you.
You were not hungry.

You visited 1 branch of the dungeon, and saw 12 of its levels.
You also visited: Sewer.

You collected 706 gold pieces.
You spent 524 gold pieces at shops.

Inventory:

Hand Weapons
 C - a +0 war axe
 T - a +4 vampiric battleaxe (weapon)
Armour
 I - a +0 pair of boots of flying (worn)
 K - a +0 hat (worn)
 Q - a +2 pair of gloves (worn)
 V - a +1 chain mail of cold resistance (worn)
Jewellery
 g - a +3 ring of strength (left hand)
 z - a +4 ring of dexterity
 M - an amulet of regeneration (around neck)
 R - a +4 ring of evasion (right hand)
Wands
 w - a wand of digging (10/24)
 A - a wand of polymorph (11/24)
 E - a wand of lightning (5/15)
 N - a wand of paralysis (10/24)
 O - a wand of hasting (4/9)
 S - a wand of random effects (37/48)
Scrolls
 a - a scroll of identify
 b - a scroll of random uselessness {unknown}
 d - 6 scrolls of recharging
 f - 6 scrolls of remove curse
 j - 4 scrolls of fear
 k - 5 scrolls of blinking {unknown}
 o - 3 scrolls of teleportation {unknown}
 q - a scroll of fog {unknown}
 t - 3 scrolls of amnesia {unknown}
 v - 2 scrolls of magic mapping {unknown}
 x - a scroll of enchant weapon {unknown}
 y - a scroll of enchant armour {unknown}
 G - a scroll of immolation {unknown}
 J - a scroll of acquirement {unknown}
 L - a scroll of vulnerability {unknown}
Potions
 e - 7 potions of heal wounds
 h - 2 potions of agility
 i - a potion of mutation {unknown}
 p - 3 potions of haste
 r - 2 potions of curing {unknown}
 s - a potion of might {unknown}
 u - 2 potions of brilliance {unknown}
 B - 2 potions of lignification
 D - a potion of magic {unknown}
 F - 2 potions of cancellation {unknown}
 H - a potion of beneficial mutation {unknown}
Books
 P - a book of Cantrips

   Spells                             Type                      Level
   a - Confusing Touch                Hexes                        1
   b - Animate Skeleton               Necromancy                   1
   c - Summon Small Mammal            Summoning                    1
   d - Apportation                    Translocation                1
   Trog disapproves of the use of such an item.
Comestibles
 c - 7 bread rations
 l - 10 royal jellies
 n - 3 meat rations


   Skills:
 + Level 11.5 Fighting
 * Level 14.2 Axes
 + Level 10.9 Armour
 + Level 9.8 Dodging


You had 11 spell levels left.
You didn't know any spells.

Dungeon Overview and Level Annotations

Branches:
Dungeon (12/15)            Temple (0/1) D:6            Lair (0/6) D:9
    Orc: D:9-12

Altars:
Ashenzari
Elyvilon
Fedhas
Hepliaklqana
Kikubaaqudgha
Qazlal
Sif Muna
Xom
The Shining One

Shops:
D:4 =*   D:10 *   D:11 [


Innate Abilities, Weirdness & Mutations

You reflexively headbutt those who attack you in melee.
You have a pair of horns on your head.
You have large cloven feet.
You are partially covered in icy blue scales. (AC +2)
You are partially covered in yellow scales. (AC +2)
You can translocate small distances at will.
You possess an exceptional clarity of mind.
Armour fits poorly on your strangely shaped body.
Your body sometimes deteriorates upon taking damage.
Your magical capacity is low. (-10% MP)
You are weak. (Str -2)
Your spells are a little harder to cast, but a little more powerful.


Message History

The fire elemental burns you!
* * * LOW HITPOINT WARNING * * *
Okay, then.
You're too exhausted to go berserk.
As you read the scroll of fear, it crumbles to dust.
You assume a fearsome visage.
The hornet simulacrum is unaffected.
The fire elemental is unaffected. x2; The orc priest looks frightened!
The fire elemental hits you. The fire elemental burns you!
* * * LOW HITPOINT WARNING * * *
The fire elemental closely misses you. The fire elemental hits you.
The fire elemental burns you!
* * * LOW HITPOINT WARNING * * *
The fire elemental misses you.
You feel much better. The fire elemental closely misses you.
The fire elemental misses you. The fire elemental hits you.
The fire elemental burns you!
* * * LOW HITPOINT WARNING * * *
Your body deteriorates!
You feel dopey. The fire elemental hits you. The fire elemental burns you!
You die...

.#
#.....#.###....####..
.# #.....#.#
#......oo..
.###.....#.#
#.#.....## ........
#.###.#.....# .......
.......†.^..# #####.>
..##...))...# # ..
#........# ..
.....#.....# ##.
..###.#@E...# # #
#.#E##### ..#Z# # #.#
..# ... .... Y#.#


You could see 2 fire elementals, an ice beast (wandering), an orc priest
(fleeing), a hornet simulacrum and an orc.

Vanquished Creatures
  Azrael (D:12)
  The ghost of Rsteiner the Basher, a novice OgHu of Okawaru (D:9)
  An unseen horror (D:12)
  Pikel (D:4)
  3 hill giants
  2 ugly things (D:11)
  A centaur skeleton (D:11)
  A komodo dragon (D:8)
  2 trolls (D:10)
  5 hornets
  Prince Ribbit (D:8)
  A two-headed ogre (D:11)
  A hippogriff (D:7)
  A vampire (D:11)
  11 yaks (D:9)
  A basilisk (D:9)
  2 vampire mosquitoes (D:8)
  A hungry ghost (D:12)
  Duvessa (D:4)
  2 hell hounds (D:12)
  3 porcupines (D:9)
  A phantom (D:9)
  4 ice beasts
  An eye of draining (D:10)
  4 orc warriors
  3 sky beasts
  4 ogres
  5 crocodiles (D:9)
  3 centaurs
  A big kobold (D:9)
  Blork the orc (D:4)
  Dowan (D:4)
  5 bullfrogs
  3 scorpions
  8 killer bees
  A howler monkey (D:5)
  3 wights (D:8)
  6 jellies
  2 centaur zombies
  3 crimson imps (D:10)
  5 hounds
  2 bullfrog zombies
  11 orc wizards
  3 orc priests
  A bullfrog skeleton (D:9)
  Terence (D:2)
  3 iguanas
  5 worker ants
  2 hound skeletons
  4 gnolls (D:7)
  15 adders
  7 river rats
  3 shadow imps
  An ooze (Sewer)
  3 adder skeletons
  3 worms
  2 dart slugs (D:1)
  10 leopard geckos
  34 orcs
  13 ball pythons
  6 bats
  11 giant cockroaches
  5 goblins
  4 hobgoblins
  13 jackals
  10 kobolds
  8 quokkas
  7 frilled lizards
  A quokka skeleton (D:7)
  30 rats
  A plant (D:9)
326 creatures vanquished.

Vanquished Creatures (others)
  A hippogriff (D:8)
  An adder (D:4)
  A giant cockroach (D:4)
  A rat (D:2)
  A fungus (D:9)
  A plant (D:9)
6 creatures vanquished.

Grand Total: 332 creatures vanquished

Notes
Turn   | Place    | Note
-------+----------+-------------------------------------------
     0 | D:1      | LORDOFBUTT the Minotaur Berserker began the quest for the Orb.
     0 | D:1      | Reached XP level 1. HP: 19/19 MP: 0/0
   166 | D:1      | Reached XP level 2. HP: 27/27 MP: 1/1
   306 | D:1      | Reached skill level 4 in Axes
   643 | D:2      | Reached XP level 3. HP: 33/33 MP: 2/2
   715 | D:2      | Reached ** piety under Trog
   752 | D:2      | Found a blossoming altar of Fedhas.
   897 | D:2      | Noticed Terence
   906 | D:2      | Killed Terence
   906 | D:2      | Reached XP level 4. HP: 38/41 MP: 3/3
   944 | D:2      | Found a white marble altar of Elyvilon.
   958 | D:2      | Found a shimmering altar of Xom.
  1204 | D:3      | Found a glowing drain.
  1222 | Sewer    | Entered a sewer
  1276 | Sewer    | Reached XP level 5. HP: 22/47 MP: 4/4
  1492 | Sewer    | Reached *** piety under Trog
  1498 | Sewer    | Reached skill level 5 in Fighting
  1697 | Sewer    | Reached skill level 5 in Axes
  1732 | Sewer    | Reached XP level 6. HP: 56/56 MP: 5/5
  1969 | D:3      | Reached **** piety under Trog
  2140 | D:4      | Noticed Pikel
  2149 | D:4      | Noticed a slave
  2150 | D:4      | Noticed a slave
  2153 | D:4      | Noticed a slave
  2156 | D:4      | Killed Pikel
  2156 | D:4      | Reached skill level 6 in Axes
  2156 | D:4      | Reached skill level 5 in Armour
  2156 | D:4      | Reached skill level 5 in Dodging
  2156 | D:4      | Reached XP level 7. HP: 63/64 MP: 6/6
  2310 | D:4      | Noticed Duvessa
  2312 | D:4      | Noticed Dowan
  2317 | D:4      | Killed Duvessa
  2320 | D:4      | Reached XP level 8. HP: 70/71 MP: 7/7
  2324 | D:4      | Killed Dowan
  2426 | D:4      | Found Vonimp's Jewellery Emporium.
  2465 | D:4      | Reached skill level 7 in Axes
  2683 | D:4      | Noticed Blork the orc
  2691 | D:4      | Killed Blork the orc
  2851 | D:4      | Found a deep blue altar of Sif Muna.
  2897 | D:4      | Found Gaamu's Assorted Antiques.
  3180 | D:5      | Entered Level 5 of the Dungeon
  3237 | D:5      | Found an ancient bone altar of Kikubaaqudgha.
  3654 | D:5      | Found a stormy altar of Qazlal.
  3655 | D:5      | Found a hazy altar of Hepliaklqana.
  3839 | D:4      | Bought a pair of runed boots for 262 gold pieces
  3983 | D:6      | Reached skill level 8 in Axes
  4014 | D:6      | Found a staircase to the Ecumenical Temple.
  4028 | D:6      | Found a glowing golden altar of the Shining One.
  4462 | D:7      | Noticed a hippogriff
  4469 | D:7      | Killed a hippogriff
  4469 | D:7      | Reached XP level 9. HP: 37/81 MP: 8/8
  4668 | D:7      | Reached skill level 9 in Axes
  5077 | D:8      | Noticed a komodo dragon
  5085 | D:8      | Killed a komodo dragon
  5085 | D:8      | Reached ***** piety under Trog
  5242 | D:8      | Paralysed by a hornet for 2 turns
  5251 | D:8      | Reached skill level 10 in Axes
  5705 | D:8      | Found a shattered altar of Ashenzari.
  5708 | D:8      | Noticed Prince Ribbit
  5712 | D:8      | Reached XP level 10. HP: 91/91 MP: 9/9
  5721 | D:8      | Killed Prince Ribbit
  6078 | D:9      | Gained mutation: Your body sometimes deteriorates upon taking damage. [mutagenic meat]
  6079 | D:9      | Gained mutation: You are partially covered in icy blue scales. (AC +2) [mutagenic meat]
  6080 | D:9      | Gained mutation: You are partially covered in yellow scales. (AC +2) [mutagenic meat]
  6081 | D:9      | Gained mutation: You can translocate small distances at will. [mutagenic meat]
  6137 | D:9      | Reached skill level 11 in Axes
  6178 | D:9      | Reached skill level 10 in Fighting
  6278 | D:9      | Found a staircase to the Lair.
  6353 | D:9      | Noticed Rsteiner's ghost (novice OgHu)
  6371 | D:9      | Killed Rsteiner's ghost
  6371 | D:9      | Reached skill level 12 in Axes
  6563 | D:9      | Reached XP level 11. HP: 100/100 MP: 10/10
  6642 | D:9      | Received a gift from Trog
  6949 | D:10     | Entered Level 10 of the Dungeon
  7105 | D:10     | Reached skill level 10 in Armour
  7135 | D:10     | Found Redupn's Assorted Antiques.
  7313 | D:10     | Noticed a hill giant
  7318 | D:10     | Killed a hill giant
  7318 | D:10     | Reached skill level 13 in Axes
  7592 | D:11     | Noticed a cyan ugly thing
  7597 | D:11     | Killed a cyan ugly thing
  7677 | D:11     | Gained mutation: Your magical capacity is low. (-10% MP) [mutagenic meat]
  7678 | D:11     | Gained mutation: You have large cloven feet. [mutagenic meat]
  7680 | D:11     | Gained mutation: Armour fits poorly on your strangely shaped body. [mutagenic meat]
  7692 | D:11     | Paralysed by a hornet for 1 turns
  7810 | D:11     | Found Fuvyututi's Antique Armour Shop.
  7831 | D:11     | Bought a runed chain mail for 262 gold pieces
  7855 | D:11     | Noticed a red ugly thing
  7865 | D:11     | Killed a red ugly thing
  7869 | D:11     | Gained mutation: Your spells are a little harder to cast, but a little more powerful. [mutagenic meat]
  7870 | D:11     | Gained mutation: You are weak. (Str -2) [mutagenic meat]
  7872 | D:11     | Gained mutation: You possess an exceptional clarity of mind. [mutagenic meat]
  8055 | D:11     | Noticed a hill giant
  8061 | D:11     | Killed a hill giant
  8530 | D:12     | Killed an unseen horror
  8601 | D:12     | Paralysed by a hornet for 2 turns
  8686 | D:12     | Noticed a hill giant
  8692 | D:12     | Noticed Azrael
  8694 | D:12     | Killed a hill giant
  8694 | D:12     | Reached skill level 14 in Axes
  8705 | D:12     | Killed Azrael
  8705 | D:12     | Reached XP level 12. HP: 72/110 MP: 9/9
  8712 | D:12     | HP: 3/110 [orc priest/divine providence (16)]
  8715 | D:12     | Slain by a fire elemental

Skill      XL: |  1  2  3  4  5  6  7  8  9 10 11 |
---------------+----------------------------------+-----
Fighting       | 4 5 6 8 9 10 11 | 11.5
Axes           | 4 5 6 8 10 12 14 | 14.2
Armour         | 3 4 5 7 8 9 10 | 10.9
Dodging        | 3 5 6 7 8 9 |  9.8

Action                   |  1- 3 |  4- 6 |  7- 9 | 10-12 || total
-------------------------+-------+-------+-------+-------++-------
Melee: Hand axe          |    84 |   146 |    21 |       ||   251
       Headbutt          |     8 |    21 |    39 |    63 ||   131
       War axe           |       |       |   161 |   122 ||   283
       Battleaxe         |       |       |       |   161 ||   161
Invok: Berserk           |     1 |     2 |     3 |     6 ||    12
       Burn Spellbooks   |       |       |     2 |     1 ||     3
  Use: Scroll            |     5 |     1 |     2 |     3 ||    11
       Potion            |       |       |       |     3 ||     3
  Eat: Chunk             |       |     6 |    10 |    14 ||    30
       Fruit             |       |       |     8 |     6 ||    14
       Pizza             |       |       |     2 |     2 ||     4
       Beef jerky        |       |       |     1 |       ||     1
       Bread ration      |       |       |       |     2 ||     2
Armor: Animal skin       |    11 |       |       |       ||    11
       Ring mail         |    13 |    61 |    32 |    67 ||   173
       Chain mail        |       |       |       |    32 ||    32
Dodge: Dodged            |    65 |   117 |   134 |   254 ||   570
